 Dungeon Crawl Stone Soup version 0.31.0-4-g52a2dc7128 (webtiles) character file.

Game seed: 6443789781433049315

118267 Skeral the Ripper (level 16, -5/101 HPs)
             Began as a Felid Shapeshifter on Jan 22, 2024.
             Was an Initiate of Gozag.
             Slain by Donald
             ... wielding a +2 demon trident of venom
              (12 damage)
             ... on level 2 of the Orcish Mines.
             The game lasted 01:59:28 (27075 turns).

Skeral the Ripper (Felid Shapeshifter)             Turns: 27075, Time: 01:59:29

Health: -5/101     AC: 14    Str: 22    XL:     16   Next: 25%
Magic:  19/23      EV: 15    Int: 14    God:    Gozag
Gold:   2690       SH:  0    Dex: 22    Spells: 7/23 levels left
                                        Lives:  0   Deaths: 5

rFire   + +          +
                       - Unarmed
rCold   x . .        (shield unavailable)
rNeg    . . .        (body armour unavailable)
rPois   +            (helmet unavailable)
rElec   .            (cloak unavailable)
rCorr   .            (gloves unavailable)
SInv    +            (boots unavailable)
Will    ++...        g - amulet of regeneration
Stlth   +++          F - ring of protection from fire
HPRegen 1.16/turn    O - +4 ring of protection
MPRegen 0.18/turn

%: no passive effects
@: lethally poisoned (-5 -> -5), short of breath, dragon-form, flying, studying
Translocations
A: dragon claw, dragon scales, breathe fire, flying, giant, (claws 1), (fangs
3), see invisible, (shaggy fur 3), (stealthy paws), no weapons or thrown items,
no armour, multi-lived
a: Breathe Fire, Begin Untransformation, Renounce Religion, Potion Petition,
Call Merchant, Bribe Branch


You were on level 2 of the Orcish Mines.
You worshipped Gozag.
Gozag was most pleased with you.
You were a fearsome dragon!
You visited 5 branches of the dungeon, and saw 27 of its levels.
You also visited: Bailey and Ice Cave.

You collected 9475 gold pieces.
You spent 1234 gold pieces at shops.
You paid 5551 gold pieces to Gozag.


Innate Abilities, Weirdness & Mutations

You are a fearsome dragon!
You have a powerful clawing attack.
Your giant scaled body is strong and resilient, but less evasive.
You can breathe fire.
You are flying.
((You have sharp claws.))
((You have razor-sharp teeth.))
You have supernaturally acute eyesight. (SInv)
((Your thick and shaggy fur keeps you warm. (AC +3, rC+)))
((Your paws help you pounce on unaware monsters.))
You are incapable of wielding weapons or throwing items.
You cannot wear armour.
You gain extra lives every three experience levels.


   Skills:
 - Level 15.1 Fighting
 - Level 11.0 Dodging
 - Level 5.0 Stealth
 - Level 17.0 Unarmed Combat
 - Level 4.0 Spellcasting
 - Level 12.0 Translocations
 - Level 5.0 Evocations
 + Level 13.1 Shapeshifting


You had 7 spell levels left.
You knew the following spells:

 Your Spells              Type           Power      Damage    Failure   Level
b - Blink                 Tloc           72%        N/A       1%          2
d - Dispersal             Tloc           18%        N/A       22%         6
g - Gell's Gravitas       Tloc           36%        N/A       1%          3
l - Lesser Beckoning      Tloc           72%        N/A       1%          2
t - Teleport Other        Tloc           36%        N/A       1%          3

Your spell library contained the following spells:

 Spells                   Type           Power      Damage    Failure   Level
 Momentum Strike          Conj/Tloc      38%        3d9       2%          2
 Slow                     Hex            8%         N/A       19%         1
 Cigotuvi's Dreadful Rot  Necr/Alch/Air  4%         N/A       28%         2
 Ensorcelled Hibernation  Hex/Ice        4%         N/A       28%         2
 Static Discharge         Conj/Air       4%         3-4/arc   28%         2
 Confusing Touch          Hex            2%         N/A       50%         3
 Fugue of the Fallen      Necr           2%         N/A       50%         3
 Sigil of Binding         Hex            2%         N/A       50%         3
 Summon Ice Beast         Ice/Summ       2%         N/A       50%         3
 Vampiric Draining        Necr           2%         2d6       50%         3
 Airstrike                Air            1%         2d(1-17)  88%         4
 Anguish                  Hex/Necr       1%         N/A       88%         4
 Dispel Undead            Necr           2%         3d7       88%         4
 Martyr's Knell           Necr/Summ      2%         N/A       88%         4
 Summon Lightning Spire   Summ/Air       2%         N/A       88%         4
 Iskenderun's Battlesphe  Conj           2%         2d6       99%         5
 Summon Mana Viper        Hex/Summ       2%         N/A       99%         5
 Bombard                  Conj/Erth      1%         9d1       100%        6
 Death Channel            Necr           1%         N/A       100%        6
 Monstrous Menagerie      Summ           1%         N/A       100%        7
 Spellforged Servitor     Conj/Summ      1%         N/A       100%        7

Inventory:

Jewellery
 g - an amulet of regeneration (around neck)
   (You found it on level 2 of the Dungeon)
 y - an amulet of reflection
   (You found it on level 8 of the Dungeon)
 C - a ring of protection from cold
   (You found it on level 1 of the Swamp)
 D - a ring of willpower
   (You took it off an orc wizard on level 9 of the Dungeon)
 E - a +5 ring of evasion
   (You found it on level 6 of the Dungeon)
 F - a ring of protection from fire (left foreclaw)
   (You found it on level 5 of the Dungeon)
 N - a ring of positive energy
   (You found it on level 2 of the Lair of Beasts)
 O - a +4 ring of protection (right foreclaw)
   (You found it on level 2 of the Dungeon)
 P - a ring of poison resistance
   (You found it on level 5 of the Lair of Beasts)
 R - a ring of resist corrosion
   (You found it on level 2 of the Dungeon)
Talismans
 j - a serpent talisman
   (You found it on level 5 of the Lair of Beasts)
 K - a dragon-blood talisman (active)
   (You found it on level 2 of the Swamp)
Wands
 k - a wand of digging (3)
   (You bought it in a shop on level 7 of the Dungeon)
 t - a wand of polymorph (9)
   (You took it off Blork the orc on level 4 of the Dungeon)
 v - a wand of flame (8)
   (You found it on level 2 of the Lair of Beasts)
 w - a wand of mindburst (5)
   (You took it off an orc priest on level 7 of the Dungeon)
Scrolls
 d - 3 scrolls of torment {!r}
 e - 4 scrolls of identify {@r1}
 m - 4 scrolls of amnesia
 n - 4 scrolls of silence {!r}
 o - 2 scrolls of teleportation {@r4}
 p - 3 scrolls of fog
 r - a scroll of butterflies
 s - 4 scrolls of poison {!r}
 H - 6 scrolls of immolation {!r!r}
 I - 3 scrolls of vulnerability {!r!r}
Potions
 a - 5 potions of lignification {!q}
 c - a potion of attraction {!q}
 f - a potion of magic
 h - 2 potions of haste {@q3}
 i - 3 potions of mutation {!q}
 l - 5 potions of enlightenment
 q - 6 potions of curing {@q1}
 u - 3 potions of might
 x - 4 potions of brilliance
 A - 2 potions of ambrosia
 B - 2 potions of cancellation
Miscellaneous
 G - a lightning rod (1/4)
   (You found it on level 1 of the Swamp)

Dungeon Overview and Level Annotations

Branches:
Dungeon (15/15) Zot: 25364  Temple (0/1) D:5            Lair (5/5) D:10 Zot: 24400
  Swamp (4/4) Lair:3 Zot: 26938   Snake (1/4) Lair:3 Zot: 5600   Slime (0/5) Lair:4
    Orc (2/2) D:11 Zot: 9937     Elf (0/3) Orc:2        Depths (0/4) D:15
 Bailey (visited)           IceCv (visited)
 Vaults: D:13-14

Altars:
Cheibriados
Elyvilon
Fedhas
Gozag
Hepliaklqana
Kikubaaqudgha
Makhleb
Trog
Wu Jian
Xom
Jiyva

Shops:
D:3 (   D:4 (:(   D:7 *   D:8 *   D:12 :   D:15 ***   Orc:1 *   Snake:1 =

Annotations:
D:3 3 runed translucent doors, Implojin's ghost, amateur VSNe
D:12 3 runed translucent doors, Livid's ghost, journeyman GnCA; Shen's ghost, adept OpFi; Uvvog's ghost, journeyman GnNe; Yklotitu's ghost, journeyman CeHu; tiocybot's ghost, journeyman GnSh
D:13 Frances; Jorgrun; Kirke
D:15 3 runed translucent doors, Azrael; Mahakala's ghost, journeyman MiBe
Swamp:1 1 runed translucent door, suomimenusko's ghost, adept NaFi
Orc:2 Donald

................#.....#..##......
...............###........#......
................##...........#.#.
...............b.b.b..........#..
...........4ob.4ob.#.............
............bobb..b#.............
.#....#......b@bbbb##.)..).......
..........@.#3#bbbb##............
.............#obDbb..............
..........o..##bbbb.bb...........
.....[[.......##bbbb...#..)......
.....$$........b.b##b[...........
....)<)........b.b#...[#[...#....
...$.$)..............=[[<[.#.....
......@...#.....#......##)##.....
...........#....#.....#.###......
.........................##...#..


You could see Donald (fast, strong, ally target, reflecting), a hellwing
(summoned), a neqoxec (summoned), an orc sorcerer (ally target), a chaos spawn
(summoned, ally target), an orc priest (ally target) and 2 orc wizards.


Message History

You now have 2684 gold pieces (gained 6).
You see here a +0 glaive.
What are your orders? t - Roar!
Orders for allies: a - Attack new target. r - Retreat! s - Stop attacking. g - Guard the area. f - Follow me.
Anything else - Cancel.
You roar for attention!
The orc warrior shouts!
You hear a shout!
The orc warrior closely misses you. The orc warrior barely misses you.
You maul the orc warrior!!!
You kill the orc warrior!
You hear a shout!
You now have 2690 gold pieces (gained 6).
Things that are here:
a +0 halberd; a +0 plate armour An orc wizard comes into view.
It is wielding a +0 dagger.
Things that are here:
a +0 halberd; a +0 plate armour An orc priest comes into view.
It is wielding a +0 whip.
The orc priest shouts!
You hear a shout!
The orc wizard shouts!
The orc wizard casts a spell.
The orc wizard flickers and vanishes for a moment.
Press: ? - help, v - describe, . - travel
Here: Donald, wielding a +2 demon trident of venom, wearing a +1 chain mail of poison resistance and wearing a +0 kite shield of reflection (reflecting blocked projectiles)
The floor.
Aiming: Breathe Fire (0% risk of failure)
Press: ? - help, Shift-Dir - straight line, f - Donald
Aim: Donald, wielding a +2 demon trident of venom, wearing a +1 chain mail of poison resistance and wearing a +0 kite shield of reflection (reflecting blocked projectiles, 87% to hit)
You breathe a blast of fire.
The fiery breath hits Donald!
Donald is engulfed in blazing flames.
An orc sorcerer comes into view. It is wielding a +0 dagger.
Donald mumbles some strange words.
Donald seems to speed up.
The orc wizard shouts!
You bite Donald!!
Donald says, "My feet hurt."
Donald hits you with a +2 demon trident of venom.
The orc sorcerer casts a spell. 😕 HP[-2]
You take 2 damage, and now have 99/101 hp.
Donald blocks your attack.
Donald hits you with a +2 demon trident of venom!!
You are poisoned. 😕 HP[-19]
You take 19 damage, and now have 80/101 hp.
You bite Donald!! You bite Donald!
You feel sick.
Donald gestures wildly while chanting.
Donald seems to grow stronger. 😕 HP[-1]
You take 1 damage, and now have 79/101 hp.
Donald blocks your attack. x2; You feel sick.
Donald completely misses you.
The orc priest calls down the wrath of Beogh upon you.
Beogh smites you!
The orc wizard casts a spell.
The orc wizard flickers and vanishes for a moment.
The orc wizard closely misses you. Donald barely misses you. 😮 HP[-15]
You take 15 damage, and now have 64/101 hp.
You completely miss Donald.
You feel sick.
Donald hits you with a +2 demon trident of venom!!
* * * LOW HITPOINT WARNING * * *
😨 HP[-24]
You take 24 damage, and now have 40/101 hp.
MASSIVE DAMAGE!! (PAUSE)
You hit Donald.
You feel sick. The neqoxec gestures at you. Something gnaws on your mind!
* * * LOW HITPOINT WARNING * * *
You feel your power leaking away.
The orc priest looks braver for a moment.
The orc wizard gestures at you while chanting.
The puff of flame hits you but does no damage.
The orc sorcerer mumbles some strange words.
Donald ponders, "They're ugly as hell, too!"
Donald hits you with a +2 demon trident of venom!!
* * * LOW HITPOINT WARNING * * *
😱 HP[-33] MP[-4]
You take 33 damage, and now have 7/101 hp.
MASSIVE DAMAGE!! (PAUSE)
You lost 4 mp, and now have 19/23 mp.
As you read the scroll of butterflies, it crumbles to dust.
You hear the flapping of tiny wings.
The orc sorcerer is knocked back by the sudden gust.
Donald is knocked back by the sudden gust.
The orc priest is knocked back by the sudden gust.
The orc wizard is knocked back by the sudden gust.
You feel sick.
The orc wizard completely misses your butterfly.
The orc sorcerer casts a spell.
The orc priest barely misses your butterfly.
The chaos spawn gores your butterfly!
Your butterfly dies!
Your butterfly disappears in a burst of colours!
Donald hits you from afar with a +2 demon trident of venom!
You die...
Donald says, "I won.
I... don't hate that."
Your body crumbles into a pile of gold.

Skill      XL: |  1  2  3  4  5  6  7  8  9 10 11 12 13 14 15 16 |
---------------+-------------------------------------------------+-----
Fighting       | 2 3 4 5 6 8 9 10 12 14 15 | 15.1
Unarmed Combat | 4 5 6 7 9 11 12 14 16 17 | 17.0
Dodging        | 3 4 5 9 11 | 11.0
Stealth        | 1 3 5 |  5.0
Evocations     | 2 5 |  5.0
Translocations | 6 7 11 12 | 12.0
Spellcasting   | 2 4 |  4.0
Shapeshifting  | 5 9 10 12 13 | 13.1

Action                     |  1- 3 |  4- 6 |  7- 9 | 10-12 | 13-15 | 16-18 || total
---------------------------+-------+-------+-------+-------+-------+-------++-------
  Melee: Unarmed           |    93 |   137 |   328 |   923 |  1205 |   240 ||  2926
         Bite              |    13 |    20 |    37 |   145 |    60 |     3 ||   278
         Punch             |       |     5 |    20 |    73 |    25 |     2 ||   125
         Maw               |       |       |       |       |    98 |       ||    98
         Constrict         |       |       |       |       |   155 |    47 ||   202
         Tailslap          |       |       |       |       |       |     2 ||     2
   Cast: Gell's Gravitas   |       |       |       |     2 |       |       ||     2
         Lesser Beckoning  |       |       |       |       |     2 |       ||     2
         Teleport Other    |       |       |       |       |     1 |       ||     1
 Invoke: Potion Petition   |       |       |       |       |     6 |     1 ||     7
         Call Merchant     |       |       |       |       |     3 |       ||     3
Ability: Breathe Fire      |       |       |       |       |       |     2 ||     2
  Evoke: Wand              |       |       |     8 |    27 |     9 |       ||    44
         Lightning rod     |       |       |       |       |     3 |     3 ||     6
    Use: Scroll            |       |     9 |     3 |    10 |    18 |     3 ||    43
         Potion            |       |     2 |     1 |     1 |     9 |     1 ||    14
   Stab: Sleeping          |     3 |     1 |     5 |    10 |    11 |     1 ||    31
         Distracted        |       |     1 |     1 |     7 |    14 |     3 ||    26
         Betrayed ally     |       |       |       |     1 |       |       ||     1
         Confused          |       |       |       |       |     2 |       ||     2
 Armour: Skin              |    25 |    38 |    99 |   242 |   783 |   131 ||  1318
  Dodge: Dodged            |    64 |    89 |   286 |   915 |   925 |   192 ||  2471
   Form: Serpent           |       |       |       |       |     2 |       ||     2
         Maw               |       |       |       |       |     2 |       ||     2
         Dragon            |       |       |       |       |       |     1 ||     1

Levels and vault maps discovered:
D:1:      spicycebolla_arrival_xxxplode, layout_loops_corners, serial_aquarium,
          aquarium_bridge_straight [aquarium_subvault_bridge,
          aquarium_subvault_window, aquarium_subvault_bridge,
          aquarium_subvault_window], aquarium_bridge_square
          [aquarium_subvault_wall, aquarium_subvault_bridge,
          aquarium_subvault_bridge, aquarium_subvault_bridge],
          aquarium_window_corner, aquarium_window_corner, aquarium_window_fake,
          aquarium_view_2d, aquarium_view_2d, aquarium_pool_four
D:2:      layout_rooms
D:3:      layout_basic, general_overflow_altar, nicolae_overflow_two_pavilions,
          serial_shops, nicolae_shop_mannequins, biasface_ghost_orc_armoury,
          minmay_misc_feat_tiny, uniq_robin
D:4:      layout_gridville, mainiacjoe_overflow_paths, serial_shops,
          nicolae_shop_gibbet_a_chance, nicolae_book_shop_shelving, shop,
          uniq_pikel, uniq_blork_the_orc, uniq_grinder
D:5:      layout_basic, nicolae_elyvilon_temple_path,
          minmay_temple_entry_water_ring, minivault_5
D:6:      layout_basic
D:7:      layout_loops_ring, mainiacjoe_overflow_surrounded_room,
          serial_demonic, serial_demonic_d, serial_demonic_a, serial_demonic_g,
          serial_demonic_b, serial_demonic_a, serial_demonic_b,
          serial_demonic_c, serial_shops, shop, uniq_menkaure, uniq_maurice
D:8:      minmay_general_purpose_star, layout_loops_ring,
          mainiacjoe_overflow_boulevard, enter_bailey_4,
          nicolae_shop_sticking_my_neck_out, uniq_grum
D:9:      layout_loops_ring, trog_ov_bears_minmay
D:10:     lemuel_troll_bridge, layout_irregular_city, erik_lair_island,
          uniq_fannar
D:11:     layout_roguey, erik_orc_1, ebering_ghost_inner_flame,
          nzn_hepliaklqana_mist_gate
D:12:     layout_layer_cave, serial_shops, kennysheep_mini_moat,
          gammafunk_ghost_cemetery, portal_ice_cave_entry_ice_simulacra
D:13:     layout_roguey, skrybe_vaults_entry_preservation,
          minmay_diamond_spiral, uniq_jorgrun, uniq_frances, uniq_kirke
D:14:     evilmike_makhleb_hellhole, layout_rooms
D:15:     gammafunk_depths_entry_grave, layout_irregular_city,
          minmay_misc_feat_doors, ebering_ghost_gozag, uniq_agnes, uniq_azrael
Lair:1:   layout_cave_pods, grunt_megastairs_3
Lair:2:   layout_regular_city, serial_bayou_pond_e, serial_bayou_crossing
Lair:3:   layout_layer_cave, mainiacjoe_swamp_entry_angry_trees,
          alex1729_snake_entry_snake, infiniplex_staircase_pool_2
Lair:4:   layout_roguey, slime_entry_1, evilmike_ambush
          [evilmike_ambush_outer_pillars, evilmike_ambush_inner_pond]
Lair:5:   guppyfry_lair_end_dragon, layout_regular_city, wormcave,
          hangedman_lair_generics_rect
Swamp:1:  gammafunk_mikee_crab_dinner, layout_basic_swamp,
          ebering_ghost_reflecting_pool, nicolae_swamp_bean_lake, swamp_pool_3,
          nicolae_swamp_tree_isthmus
Swamp:2:  layout_basic_swamp, evilmike_swamp_ruin_house_6, swamp_pool_1_2
Swamp:3:  layout_basic_swamp, nicolae_swamp_oxbows, uniq_bai_suzhen
Swamp:4:  byrel_swamp_growth_death_and_undeath, layout_basic_swamp,
          swamp_pool_5, nicolae_swamp_reclaimed_castle
Snake:1:  layout_layer_cave, grunt_megastairs_4
Orc:1:    layout_caves, serial_shops, nicolae_shop_hallway_stairs,
          minmay_orc_temple_b
Orc:2:    st_orc_congregation, layout_caves, special_room, uniq_donald,
          uniq_josephine

Notes
Turn   | Place    | Note
-------+----------+-------------------------------------------
     0 | D:1      | Skeral the Felid Shapeshifter began the quest for the Orb.
     0 | D:1      | Reached XP level 1. HP: 10/10 MP: 2/2
     0 | D:1      | magus.rc [v1.10.3]
   381 | D:1      | Reached XP level 2. HP: 10/14 MP: 3/3
  1043 | D:2      | Reached skill level 2 in Fighting
  1103 | D:2      | Reached XP level 3. HP: 18/18 MP: 4/4
  1433 | D:3      | Found a runed translucent gate.
  1435 | D:3      | Found a runed translucent gate.
  1435 | D:3      | Identified the +6 mace "Unly" {pain, Fly}
  1435 | D:3      | Identified the +8 chain mail of Gravity {rElec Slay+3}
  1463 | D:3      | Found a runed translucent gate.
  1464 | D:3      | Noticed Implojin's ghost (amateur VSNe)
  1585 | D:3      | Found an ornate altar of the Wu Jian Council.
  1622 | D:3      | Reached skill level 4 in Unarmed Combat
  1658 | D:3      | Reached XP level 4. HP: 23/23 MP: 5/5
  1658 | D:3      | Gained a life (2 lives remaining)
  1691 | D:3      | Found a shimmering altar of Xom.
  1691 | D:3      | Found an opulent altar of Gozag.
  1701 | D:3      | Became a worshipper of Gozag Ym Sagoz the Greedy
  1730 | D:3      | Noticed Robin
  1766 | D:3      | Killed Robin
  1767 | D:3      | Reached skill level 3 in Fighting
  1934 | D:3      | Found Xurumn's Weapon Shop.
  1934 | D:3      | Noticed a +0 giant club
  1934 | D:3      | Noticed a +0 giant spiked club
  1952 | D:3      | Reached XP level 5. HP: 28/28 MP: 6/6
  2327 | D:4      | Noticed Grinder
  2379 | D:4      | Noticed a two-headed ogre
  2449 | D:4      | Found Bouj's Weapon Shop.
  2580 | D:4      | Noticed a lemure
  2581 | D:4      | Noticed Pikel
  2611 | D:3      | Killed a lemure
  2613 | D:4      | Noticed a lemure
  2613 | D:4      | Noticed a lemure
  2614 | D:4      | Noticed a lemure
  2781 | D:4      | Reached skill level 4 in Fighting
  2789 | D:4      | Killed Grinder
  2790 | D:4      | Reached skill level 5 in Unarmed Combat
  2790 | D:4      | Gained mutation: You are covered in thick fur. (AC +2)
                  | [Felid growth]
  2790 | D:4      | Reached XP level 6. HP: 34/35 MP: 7/7
  2804 | D:4      | Found Rorghe's Book Boutique.
  2807 | D:4      | You fall into a shaft and drop 3 floors!
  2841 | D:7      | Reached skill level 5 in Fighting
  3167 | D:7      | Reached skill level 3 in Dodging
  3167 | D:7      | Reached skill level 1 in Stealth
  3167 | D:7      | Reached skill level 6 in Unarmed Combat
  3167 | D:7      | Reached XP level 7. HP: 38/39 MP: 8/8
  3213 | D:7      | Reached skill level 2 in Stealth
  3250 | D:7      | Found Vuprat's General Store.
  3257 | D:7      | Bought a potion of mutation for 80 gold pieces
  3257 | D:7      | Bought a wand of charming (7) for 168 gold pieces
  3257 | D:7      | Bought a wand of digging (3) for 126 gold pieces
  3257 | D:7      | Bought a scroll of teleportation for 30 gold pieces
  3294 | D:7      | Noticed a wyvern
  3313 | D:7      | HP: 7/39 [wyvern (15)]
  3340 | D:7      | Killed a wyvern
  3341 | D:7      | Reached skill level 4 in Dodging
  3341 | D:7      | Reached skill level 3 in Stealth
  3341 | D:7      | Reached skill level 1 in Evocations
  3390 | D:7      | Noticed Maurice
  3390 | D:7      | Noticed a hornet
  3398 | D:7      | Reached skill level 2 in Evocations
  3407 | D:7      | Reached XP level 8. HP: 37/44 MP: 9/9
  3418 | D:7      | Reached skill level 3 in Evocations
  3439 | D:7      | Maurice stole a beast talisman
  3442 | D:7      | Maurice stole a ring of resist corrosion
  3443 | D:7      | Maurice stole 66 gold
  3456 | D:7      | Killed Maurice
  3457 | D:7      | Reached skill level 6 in Fighting
  3457 | D:7      | Reached skill level 4 in Stealth
  3457 | D:7      | Reached skill level 4 in Evocations
  3557 | D:7      | Noticed Menkaure
  3562 | D:7      | Killed Menkaure
  3563 | D:7      | Reached skill level 5 in Stealth
  3563 | D:7      | Reached skill level 7 in Unarmed Combat
  3600 | D:6      | Reached skill level 5 in Evocations
  3614 | D:5      | Entered Level 5 of the Dungeon
  3621 | D:5      | Found a staircase to the Ecumenical Temple.
  3661 | D:5      | HP: 9/45 [orc/+0 trident (8)]
  3663 | D:5      | HP: 4/45 [orc/+0 war axe (7)]
  3663 | D:5      | Slain by an orc
  3663 | D:5      | Lost a life (1 life remaining)
  3777 | D:5      | Found a white marble altar of Elyvilon.
  4105 | D:5      | Reached XP level 9. HP: 49/49 MP: 10/10
  4105 | D:5      | Gained a life (2 lives remaining)
  4107 | D:5      | Reached skill level 7 in Fighting
  4121 | D:5      | You pick up a book of Spatial Translocations and begin
                  | reading...
  4121 | D:5      | You add the spells Blink, Momentum Strike and Lesser
                  | Beckoning to your library.
  4202 | D:4      | Found Qoumoxt's Weapon Shop.
  4243 | D:4      | You add the spells Gell's Gravitas, Teleport Other and
                  | Dispersal to your library.
  4308 | D:4      | Learned a level 2 spell: Blink
  4452 | D:4      | Noticed Blork the orc
  4488 | D:4      | Found a snail-covered altar of Cheibriados.
  4584 | D:4      | Killed Blork the orc
  4585 | D:4      | Reached skill level 1 in Translocations
  4642 | D:3      | Pikel changed into Pikel the basilisk
  4642 | D:3      | Noticed Pikel
  4669 | D:3      | Killed Pikel the basilisk
  4670 | D:3      | Reached skill level 1 in Spellcasting
  4743 | D:6      | Reached skill level 2 in Translocations
  4925 | D:6      | Reached skill level 8 in Unarmed Combat
  5008 | D:6      | Reached skill level 3 in Translocations
  5243 | D:6      | Reached skill level 4 in Translocations
  5274 | D:6      | You pick up a book of Debilitation and begin reading...
  5274 | D:6      | You add the spells Slow, Sigil of Binding, Vampiric
                  | Draining and Confusing Touch to your library.
  5670 | D:7      | Found an ancient bone altar of Kikubaaqudgha.
  5680 | D:7      | Reached skill level 8 in Fighting
  5826 | D:8      | Reached skill level 5 in Translocations
  5852 | D:8      | Learned a level 3 spell: Gell's Gravitas
  5855 | D:8      | Learned a level 2 spell: Lesser Beckoning
  6012 | D:8      | Reached skill level 2 in Spellcasting
  6015 | D:8      | Reached skill level 5 in Dodging
  6015 | D:8      | Reached skill level 9 in Unarmed Combat
  6015 | D:8      | Reached skill level 6 in Translocations
  6018 | D:8      | Reached XP level 10. HP: 46/56 MP: 12/14
  6023 | D:8      | Reached skill level 6 in Dodging
  6062 | D:8      | Found Volig's Neck Hole.
  6159 | D:8      | Found a flagged portal.
  6232 | Bailey   | Entered a bailey
  6258 | Bailey   | Reached skill level 7 in Dodging
  6411 | Bailey   | Reached skill level 8 in Dodging
  6420 | Bailey   | Reached skill level 3 in Shapeshifting
  6446 | Bailey   | Noticed an orc high priest
  6452 | Bailey   | Noticed an orange demon
  6452 | Bailey   | Noticed an orange demon
  6458 | Bailey   | Noticed an orange demon
  6477 | Bailey   | Killed an orc high priest
  6478 | Bailey   | Reached skill level 4 in Shapeshifting
  6530 | Bailey   | Found an iron altar of Okawaru.
  6532 | Bailey   | Noticed an orc high priest
  6582 | Bailey   | Killed an orc high priest
  6583 | Bailey   | Reached skill level 5 in Shapeshifting
  6686 | Bailey   | Identified the +2 robe of Cowardice {*Corrode rN+++ Int+5}
  6799 | Bailey   | Acquired a manual of Translocations
  7147 | D:8      | Noticed Grum
  7211 | D:8      | Killed Grum
  7212 | D:8      | Reached skill level 7 in Translocations
  7305 | D:8      | You pick up a book of Dreams and begin reading...
  7305 | D:8      | You add the spells Ensorcelled Hibernation, Fugue of the
                  | Fallen and Anguish to your library.
  7308 | D:8      | Found a burning altar of Makhleb.
  7611 | D:9      | Found a bloodstained altar of Trog.
  7619 | D:9      | Reached skill level 9 in Dodging
  7718 | D:9      | Reached XP level 11. HP: 60/60 MP: 15/15
  7838 | D:9      | Reached skill level 8 in Translocations
  8212 | D:9      | Identified the +1 robe of Defence {Harm}
  8268 | D:10     | Entered Level 10 of the Dungeon
  8478 | D:10     | Reached skill level 9 in Fighting
  8543 | D:10     | Reached skill level 9 in Translocations
  8637 | D:10     | Reached skill level 10 in Unarmed Combat
  8656 | D:10     | Noticed Fannar
  8695 | D:10     | Found a staircase to the Lair.
  8750 | D:10     | Reached skill level 10 in Dodging
  8750 | D:10     | Reached skill level 10 in Translocations
  8763 | D:10     | Killed Fannar
  8998 | D:10     | Noticed a deep troll
  9045 | D:10     | Killed a deep troll
  9046 | D:10     | Reached skill level 11 in Dodging
  9062 | D:10     | Reached skill level 11 in Unarmed Combat
  9332 | D:10     | Learned a level 3 spell: Teleport Other
  9575 | D:11     | Found a hazy altar of Hepliaklqana.
  9695 | D:11     | Found a staircase to the Orcish Mines.
  9944 | D:11     | Reached skill level 11 in Translocations
 10047 | D:11     | You pick up a book of Beasts and begin reading...
 10047 | D:11     | You add the spells Summon Ice Beast, Summon Mana Viper and
                  | Monstrous Menagerie to your library.
 10059 | D:11     | Found a runed translucent door.
 10078 | D:11     | Noticed BigPumpCobain's ghost (journeyman DrSh)
 10317 | D:12     | Found a runed translucent gate.
 10318 | D:12     | Found a runed translucent gate.
 10318 | D:12     | Found a runed translucent gate.
 10318 | D:12     | Noticed Uvvog's ghost (journeyman GnNe)
 10324 | D:12     | Noticed Shen's ghost (adept OpFi)
 10324 | D:12     | Noticed Livid's ghost (journeyman GnCA)
 10327 | D:12     | Noticed Yklotitu's ghost (journeyman CeHu)
 10327 | D:12     | Noticed tiocybot's ghost (journeyman GnSh)
 10338 | D:12     | Noticed a purple ugly thing
 10350 | D:12     | Killed a purple ugly thing
 10351 | D:12     | Gained mutation: Your thick and shaggy fur keeps you warm.
                  | (AC +3, rC+) [Felid growth]
 10351 | D:12     | Reached XP level 12. HP: 34/66 MP: 16/16
 10386 | D:12     | Reached skill level 6 in Shapeshifting
 10450 | D:12     | Found a frozen archway.
 10539 | IceCv    | Entered an ice cave
 10627 | IceCv    | Reached skill level 12 in Unarmed Combat
 11485 | D:12     | Found Evoon's Book Shop.
 11648 | D:12     | Noticed a boulder beetle
 11701 | D:12     | Killed a boulder beetle
 11810 | Lair:1   | Entered Level 1 of the Lair of Beasts
 11983 | Lair:1   | Reached skill level 7 in Shapeshifting
 12164 | Lair:1   | Reached skill level 10 in Fighting
 12320 | Lair:1   | magus.rc [v1.10.3]
 12859 | Lair:1   | Identified the +2 leather armour "Yckae" {rPois Will+
                  | Dex-2}
 13027 | Lair:1   | Reached skill level 8 in Shapeshifting
 13330 | Lair:2   | Reached skill level 9 in Shapeshifting
 13441 | Lair:2   | Noticed a seven-headed hydra
 13897 | Lair:3   | Noticed a catoblepas
 13907 | Lair:3   | HP: 6/67 [catoblepas (31)]
 13971 | Lair:3   | HP: 14/67 [catoblepas (28)]
 13973 | Lair:3   | HP: 4/67 [catoblepas/blast of calcifying dust (6)]
 13997 | Lair:3   | HP: 15/67 [catoblepas (8)]
 14227 | Lair:3   | Found a staircase to the Snake Pit.
 14397 | Lair:3   | Reached XP level 13. HP: 72/72 MP: 17/17
 14480 | Lair:3   | You fall into a shaft and drop 2 floors!
 14480 | Lair:5   | Entered Level 5 of the Lair of Beasts
 14526 | Lair:5   | Reached skill level 10 in Shapeshifting
 14973 | Lair:4   | Acquired 696 gold pieces
 15004 | Lair:4   | Found a staircase to the Slime Pits.
 15005 | Lair:4   | Found a viscous altar of Jiyva.
 15443 | Lair:3   | Reached skill level 11 in Fighting
 15652 | Lair:3   | Found a staircase to the Swamp.
 15657 | Lair:3   | Reached skill level 13 in Unarmed Combat
 16194 | Lair:5   | HP: 14/74 [tyrant leech (21)]
 16197 | Lair:5   | Noticed a fire dragon
 16200 | Lair:5   | HP: 16/74 [fire dragon/blast of flame (6)]
 16201 | Lair:5   | Killed a fire dragon
 16394 | Lair:5   | Reached skill level 12 in Fighting
 16478 | Lair:5   | magus.rc [v1.10.3]
 16644 | Lair:5   | HP: 22/90 [swamp dragon/blast of poison (1)]
 16649 | Lair:5   | HP: 18/90 [poisoned by a swamp dragon (blast of poison)]
 16895 | Lair:5   | Reached skill level 14 in Unarmed Combat
 17020 | Lair:5   | Reached XP level 14. HP: 79/81 MP: 18/18
 17130 | Lair:4   | magus.rc [v1.10.3]
 17369 | Orc:1    | Entered Level 1 of the Orcish Mines
 17786 | Orc:2    | Entered Level 2 of the Orcish Mines
 18008 | Orc:1    | HP: 23/97 [orc knight/bolt (18)]
 18089 | Orc:1    | HP: 10/97 [kobold blastminer/iron shot (25)]
 18328 | D:11     | Killed BigPumpCobain's ghost
 18475 | D:13     | Reached skill level 13 in Fighting
 18671 | D:13     | Noticed Frances
 19036 | D:13     | Reached skill level 15 in Unarmed Combat
 19135 | D:13     | Noticed Kirke
 19147 | D:13     | Noticed Jorgrun
 19189 | D:13     | HP: 9/82 [sixfirhy[Frances] (13)]
 19189 | D:13     | Slain by a sixfirhy
 19189 | D:13     | Lost a life (1 life remaining)
 19197 | D:13     | magus.rc [v1.10.3]
 19275 | D:13     | Noticed an ironbound preserver
 19302 | D:13     | HP: 23/99 [Jorgrun/iron shot (49)]
 19302 | D:13     | HP: 11/99 [cyclops (12)]
 19307 | D:13     | HP: 7/99 [Frances/+1 vampiric scimitar (16)]
 19482 | D:14     | HP: 13/99 [boulder beetle (15)]
 19824 | D:14     | Reached skill level 14 in Fighting
 20227 | D:14     | Noticed a balrug
 20306 | D:15     | Entered Level 15 of the Dungeon
 20381 | D:15     | Found a staircase to the Depths.
 20691 | D:15     | Noticed Agnes
 20785 | D:15     | Noticed Azrael
 20846 | D:15     | Found a runed translucent gate.
 20846 | D:15     | Found a runed translucent gate.
 20846 | D:15     | Found a runed translucent gate.
 20852 | D:15     | Found an opulent altar of Gozag.
 20853 | D:15     | Noticed Mahakala's ghost (journeyman MiBe)
 20854 | D:15     | Found Adghista's Assorted Antiques.
 20871 | D:15     | Identified the +1 falchion "Ebruaph" {protect, rF+ MP-9
                  | Int+2}
 21124 | D:15     | magus.rc [v1.10.3]
 21166 | D:15     | Reached skill level 16 in Unarmed Combat
 21230 | D:15     | Reached XP level 15. HP: 79/88 MP: 19/19
 21230 | D:15     | Gained a life (2 lives remaining)
 21261 | D:15     | Bought a scroll of teleportation for 84 gold pieces
 21261 | D:15     | Bought a scroll of butterflies for 112 gold pieces
 21261 | D:15     | Bought a potion of haste for 280 gold pieces
 21261 | D:15     | Bought a potion of cancellation for 224 gold pieces
 21263 | D:15     | Bought a potion of haste for 130 gold pieces
 21308 | D:15     | HP: 20/105 [centaur warrior/arrow (15)]
 21318 | D:15     | HP: 25/105 [centaur[a centaur warrior] (4)]
 21323 | D:15     | HP: 24/105 [centaur[a centaur warrior] (2)]
 21522 | D:15     | Killed Agnes
 21643 | D:15     | Reached skill level 15 in Fighting
 21887 | Snake:1  | Entered Level 1 of the Snake Pit
 22292 | Lair:3   | HP: 21/108 [mana viper[a naga ritualist] (12)]
 22416 | Swamp:1  | Entered Level 1 of the Swamp
 22530 | Swamp:1  | Reached skill level 3 in Spellcasting
 22540 | Swamp:1  | HP: 8/108 [eleionoma/spray of wooden splinters (24)]
 22541 | Swamp:1  | HP: 1/108 [eleionoma/spray of wooden splinters (8)]
 22546 | Swamp:1  | Killed from afar by an eleionoma
 22546 | Swamp:1  | Lost a life (1 life remaining)
 22695 | Swamp:1  | Reached skill level 4 in Spellcasting
 22702 | Swamp:1  | Learned a level 6 spell: Dispersal
 22784 | Swamp:1  | Found a runed translucent door.
 22945 | Swamp:1  | Found a runed translucent door.
 22946 | Swamp:1  | Noticed suomimenusko's ghost (adept NaFi)
 22997 | Swamp:1  | You pick up a book of Decay and begin reading...
 22997 | Swamp:1  | You add the spells Cigotuvi's Dreadful Rot, Dispel Undead,
                  | Martyr's Knell and Death Channel to your library.
 23278 | Swamp:1  | Reached skill level 12 in Translocations
 23627 | Swamp:1  | You pick up a book of Storms and begin reading...
 23627 | Swamp:1  | You add the spells Static Discharge, Airstrike and Summon
                  | Lightning Spire to your library.
 23775 | Swamp:2  | Reached skill level 17 in Unarmed Combat
 23787 | Swamp:1  | HP: 25/108 [seven-headed hydra (5)]
 23803 | Swamp:1  | HP: 25/108 [seven-headed hydra (3)]
 23950 | Swamp:2  | Reached skill level 11 in Shapeshifting
 23969 | Swamp:2  | You pick up a book of Power and begin reading...
 23969 | Swamp:2  | You add the spells Iskenderun's Battlesphere, Bombard and
                  | Spellforged Servitor to your library.
 24190 | Swamp:2  | You fall into a shaft and drop 1 floor!
 24695 | Swamp:3  | Noticed a tentacled monstrosity
 24822 | Swamp:4  | Entered Level 4 of the Swamp
 24875 | Swamp:4  | HP: 23/108 [will-o-the-wisp/foxfire (24)]
 24876 | Swamp:4  | Killed from afar by a will-o-the-wisp
 24876 | Swamp:4  | Lost a life (0 lives remaining)
 24877 | Swamp:4  | Found a blossoming altar of Fedhas.
 24877 | Swamp:4  | Noticed a thorn hunter
 25131 | Swamp:4  | Reached skill level 12 in Shapeshifting
 25185 | Swamp:4  | Reached XP level 16. HP: 91/95 MP: 23/23
 25185 | Swamp:4  | Gained a life (1 life remaining)
 25258 | Swamp:3  | HP: 28/114 [swamp worm (18)]
 25262 | Swamp:3  | HP: 3/114 [alligator (17)]
 25263 | Swamp:3  | Slain by an alligator
 25263 | Swamp:3  | Lost a life (0 lives remaining)
 25655 | Orc:1    | Found Fuseijebom's Assorted Antiques.
 26032 | Orc:2    | Found a staircase to the Elven Halls.
 26148 | Orc:2    | Noticed Donald
 26313 | Orc:2    | Noticed Josephine
 26480 | Orc:1    | Killed Josephine
 26858 | Orc:2    | Reached skill level 13 in Shapeshifting
 27074 | Orc:2    | HP: 7/101 [Donald/+2 demon trident of venom (27)]
 27075 | Orc:2    | Slain by Donald

Vanquished Creatures
  Agnes (D:15)
  An orc warlord (Orc:1)
  2 eleionomae
  The ghost of BigPumpCobain the Grappler, a journeyman DrSh of Gozag (D:11)
  5 bunyips
  A fire dragon (Lair:5)
  Josephine (Orc:1)
  An ice dragon (Lair:5)
  8 hydras
  2 catoblepae
  Fannar (D:10)
  7 ghost crabs
  An anaconda (Snake:1)
  6 alligators
  6 centaur warriors
  A two-headed ogre (Orc:1)
  6 boulder beetles
  3 sphinx skeletons (D:15)
  A tengu warrior (D:15)
  A naga warrior (Snake:1)
  5 orc high priests
  A spriggan berserker (Swamp:2)
  5 spriggans
  2 skeletal warriors (D:15)
  2 sun demons (D:14)
  3 goliath frogs
  2 skysharks (Lair:5)
  2 flayed ghosts
  A mana viper (Lair:3)
  7 spriggan druids
  A deep troll (D:10)
  2 swamp dragons
  A spectral hydra (Swamp:4)
  6 orc knights
  A necromancer (D:15)
  3 lindwurms
  7 ugly things
  A will-o-the-wisp (Swamp:1)
  2 orc sorcerers (Orc:1)
  6 cyclopes
  A manticore (Lair:5)
  2 salamanders
  Maurice (D:7)
  6 meliai
  An ice statue (IceCv)
  A guardian serpent (Snake:1)
  4 kobold blastminers (Orc:1)
  4 black mambas
  4 elephants
  4 torpor snails (Lair:5)
  4 apocalypse crabs (Swamp:1)
  2 orange demons (D:14)
  4 kobold demonologists (D:14)
  9 cane toads
  An efreet (D:13)
  A gargoyle (D:11)
  8 komodo dragons
  3 rime drakes
  A hellwing (D:14)
  Grinder (D:4)
  9 trolls
  A bloated husk (Swamp:1)
  12 hornets
  13 blink frogs
  A polar bear (Lair:5)
  9 tyrant leeches
  4 dream sheep (Lair:3)
  10 slime creatures
  4 wargs
  2 shadows
  29 yaks
  5 wyverns
  6 basilisks
  Grum (D:8)
  3 vampires
  6 wraiths
  2 fire elementals (D:15)
  A golden eye (shapeshifter) (D:14)
  A yak (shapeshifter) (D:13)
  5 hogs (D:13)
  A death yak simulacrum (IceCv)
  16 vampire mosquitoes
  3 nagas (Lair:3)
  Menkaure (D:7)
  A neqoxec (D:14)
  12 swamp worms
  3 acid dragons
  11 water moccasins
  2 hell hounds (D:15)
  7 swamp drakes
  35 orc warriors
  A sky beast (D:6)
  A laughing skull (D:13)
  An ice beast (D:6)
  3 black bears
  6 ogres
  5 wolves
  12 centaurs
  4 lemures
  A phantom (D:6)
  Blork the orc (D:4)
  A kobold brigand (D:8)
  8 bullfrogs
  A two-headed ogre simulacrum (D:12)
  3 cane toad simulacra
  4 scorpions
  2 wights (D:6)
  3 elephant simulacra
  9 killer bees
  6 howler monkeys
  6 electric eels
  3 jellies
  A quasit (D:7)
  19 orc priests
  A bombardier beetle (D:6)
  5 hounds (D:10)
  A gnoll bouda (D:7)
  4 sleepcaps
  6 iguanas
  26 orc wizards
  2 spriggan simulacra (D:12)
  A troll simulacrum (D:12)
  2 polar bear simulacra (IceCv)
  Robin (D:3)
  5 gnolls
  7 adders
  3 shadow imps (D:7)
  6 white imps (D:7)
  9 ufetubi
  2 dart slugs (D:3)
  3 ribbon worms
  89 orcs
  9 ball pythons
  5 endoplasms
  A giant cockroach (D:2)
  21 goblins
  13 hobgoblins
  19 kobolds
  4 quokkas
  6 bats
  4 frilled lizards
  5 rats
755 creatures vanquished.

Vanquished Creatures (collateral kills)
  An orc high priest (Bailey)
  A slime creature (D:12)
  A yak (D:8)
  4 orc warriors
  An ogre (D:5)
  A kobold brigand (D:10)
  An orc priest (D:7)
  An orc wizard (D:7)
  3 orcs (D:12)
  A hobgoblin (Bailey)
  A goblin (Bailey)
  2 kobolds (D:10)
18 creatures vanquished.

Vanquished Creatures (others)
  A troll (D:10)
  A hornet (D:7)
  3 bloated husks
  3 acid dragons
  An orc warrior (Bailey)
  A wolf (D:8)
  An electric eel (D:10)
  2 orcs (Orc:1)
  16 foxfires
29 creatures vanquished.

Grand Total: 802 creatures vanquished

Table legend:
 A = Non-vault XP
 B = Vault XP
 C = Vault XP percentage of total XP
 D = Non-vault monster count
 E = Vault monster count
 F = Vault count percentage of total count
                 A         B        C        D         E       F
            +---------+---------+-------+---------+---------+-------
      Total |   97850 |   71103 |  42.1 |     460 |     311 |  40.3
            +---------+---------+-------+---------+---------+-------
        D:1 |      17 |       0 |   0.0 |      11 |       0 |   0.0
        D:2 |      41 |       0 |   0.0 |      24 |       0 |   0.0
        D:3 |     120 |     237 |  66.4 |      27 |      14 |  34.1
        D:4 |     210 |     390 |  65.0 |      13 |       2 |  13.3
        D:5 |     454 |       0 |   0.0 |      15 |       0 |   0.0
        D:6 |     952 |       0 |   0.0 |      16 |       0 |   0.0
        D:7 |    1353 |     818 |  37.7 |      27 |      14 |  34.1
        D:8 |    1580 |     757 |  32.4 |      14 |      11 |  44.0
        D:9 |    1656 |     259 |  13.5 |      15 |       2 |  11.8
       D:10 |    1619 |    4161 |  72.0 |      19 |      17 |  47.2
       D:11 |    3355 |    1752 |  34.3 |      17 |      18 |  51.4
       D:12 |    3476 |     465 |  11.8 |      22 |       8 |  26.7
       D:13 |    7679 |    3850 |  33.4 |      20 |      10 |  33.3
       D:14 |    7772 |    4381 |  36.0 |      21 |      11 |  34.4
       D:15 |    6475 |    7461 |  53.5 |      13 |      12 |  48.0
     Lair:1 |    4030 |     366 |   8.3 |      16 |       2 |  11.1
     Lair:2 |    4424 |       0 |   0.0 |      13 |       0 |   0.0
     Lair:3 |    6688 |    3124 |  31.8 |      22 |       8 |  26.7
     Lair:4 |    2766 |     998 |  26.5 |       9 |       2 |  18.2
     Lair:5 |    4584 |   13095 |  74.1 |      17 |      37 |  68.5
    Swamp:1 |   11630 |    9765 |  45.6 |      25 |      14 |  35.9
    Swamp:2 |    7883 |       0 |   0.0 |      20 |       0 |   0.0
    Swamp:3 |    4746 |       0 |   0.0 |      13 |       0 |   0.0
    Swamp:4 |    6193 |    1497 |  19.5 |       8 |       3 |  27.3
    Snake:1 |    3092 |       0 |   0.0 |       5 |       0 |   0.0
      Orc:1 |    4048 |    7129 |  63.8 |      29 |      39 |  57.4
      Orc:2 |    1007 |    5808 |  85.2 |       9 |      42 |  82.4
     Bailey |       0 |    3379 | 100.0 |       0 |      38 | 100.0
      IceCv |       0 |    1411 | 100.0 |       0 |       7 | 100.0
            +---------+---------+-------+---------+---------+-------

Skill      XL: |  1  2  3  4  5  6  7  8  9 10 11 12 13 14 15 16 |
---------------+-------------------------------------------------+-----
Fighting       | 2 3 4 5 6 8 9 10 12 14 15 | 15.1
Unarmed Combat | 4 5 6 7 9 11 12 14 16 17 | 17.0
Dodging        | 3 4 5 9 11 | 11.0
Stealth        | 1 3 5 |  5.0
Evocations     | 2 5 |  5.0
Translocations | 6 7 11 12 | 12.0
Spellcasting   | 2 4 |  4.0
Shapeshifting  | 5 9 10 12 13 | 13.1

Action                     |  1- 3 |  4- 6 |  7- 9 | 10-12 | 13-15 | 16-18 || total
---------------------------+-------+-------+-------+-------+-------+-------++-------
  Melee: Unarmed           |    93 |   137 |   328 |   923 |  1205 |   240 ||  2926
         Bite              |    13 |    20 |    37 |   145 |    60 |     3 ||   278
         Punch             |       |     5 |    20 |    73 |    25 |     2 ||   125
         Maw               |       |       |       |       |    98 |       ||    98
         Constrict         |       |       |       |       |   155 |    47 ||   202
         Tailslap          |       |       |       |       |       |     2 ||     2
   Cast: Gell's Gravitas   |       |       |       |     2 |       |       ||     2
         Lesser Beckoning  |       |       |       |       |     2 |       ||     2
         Teleport Other    |       |       |       |       |     1 |       ||     1
 Invoke: Potion Petition   |       |       |       |       |     6 |     1 ||     7
         Call Merchant     |       |       |       |       |     3 |       ||     3
Ability: Breathe Fire      |       |       |       |       |       |     2 ||     2
  Evoke: Wand              |       |       |     8 |    27 |     9 |       ||    44
         Lightning rod     |       |       |       |       |     3 |     3 ||     6
    Use: Scroll            |       |     9 |     3 |    10 |    18 |     3 ||    43
         Potion            |       |     2 |     1 |     1 |     9 |     1 ||    14
   Stab: Sleeping          |     3 |     1 |     5 |    10 |    11 |     1 ||    31
         Distracted        |       |     1 |     1 |     7 |    14 |     3 ||    26
         Betrayed ally     |       |       |       |     1 |       |       ||     1
         Confused          |       |       |       |       |     2 |       ||     2
 Armour: Skin              |    25 |    38 |    99 |   242 |   783 |   131 ||  1318
  Dodge: Dodged            |    64 |    89 |   286 |   915 |   925 |   192 ||  2471
   Form: Serpent           |       |       |       |       |     2 |       ||     2
         Maw               |       |       |       |       |     2 |       ||     2
         Dragon            |       |       |       |       |       |     1 ||     1

Illustrated notes

Table legend:
 A = Kills in this place as a percentage of kills in the entire game.
 B = Kills by you in this place as a percentage of kills by you in the entire game.
 C = Kills by friends in this place as a percentage of kills by friends in the entire game.
 D = Other kills in this place as a percentage of other kills in the entire game.
 E = Experience gained in this place as a percentage of experience gained in the entire game.
 F = Experience gained in this place divided by the number of levels of this place that you have seen.
                   A       B       C       D       E      F
               +-------+-------+-------+-------+-------+----------------------
         Total | 100.0 | 100.0 | 100.0 | 100.0 | 100.0 | 5826.0
       Dungeon |  51.0 |  50.6 |  66.7 |  50.0 |  36.3 | 4086.0
          Lair |  16.3 |  16.8 |   0.0 |   0.0 |  23.7 | 8015.0
         Swamp |  10.8 |  10.9 |   0.0 |  50.0 |  24.7 | 10428.5
     Snake Pit |   0.6 |   0.7 |   0.0 |   0.0 |   1.8 | 3092.0
  Orcish Mines |  15.4 |  15.8 |   0.0 |   0.0 |  10.6 | 8996.0
        Bailey |   4.9 |   4.3 |  33.3 |   0.0 |   2.0 | 3379.0
      Ice Cave |   0.9 |   0.9 |   0.0 |   0.0 |   0.8 | 1411.0
               +-------+-------+-------+-------+-------+----------------------

Table legend: (Time is in decaauts)
 A = Elapsed time spent in this place.
 B = Non-inter-level travel time spent in this place.
 C = Inter-level travel time spent in this place.
 D = Time resting spent in this place.
 E = Time spent auto-exploring this place.
 F = Levels seen in this place.
 G = Mean time per level.
                   A        B        C        D        E       F      G
               +--------+--------+--------+--------+--------+-----+--------+
         Total |  26430 |  23232 |   3198 |   2532 |   6738 |  29 |  911.4 |
       Dungeon |  14635 |  13163 |   1472 |   1215 |   5052 |  15 |  975.7 |
          Lair |   5599 |   4427 |   1172 |    369 |    733 |   5 | 1119.8 |
         Swamp |   2751 |   2467 |    284 |    617 |    339 |   4 |  687.8 |
     Snake Pit |    400 |    377 |     23 |     26 |      0 |   1 |  400.0 |
  Orcish Mines |   2061 |   1817 |    244 |    194 |    559 |   2 | 1030.5 |
        Bailey |    699 |    699 |      0 |     63 |     53 |   1 |  699.0 |
      Ice Cave |    284 |    284 |      0 |     47 |      0 |   1 |  284.0 |
               +--------+--------+--------+--------+--------+-----+--------+

Top non-repeatable levels by time:
  Lair:5: 1614 daAuts
    D:11: 1587 daAuts
 Swamp:1: 1372 daAuts
   Orc:1: 1332 daAuts
     D:3: 1316 daAuts
    D:12: 1307 daAuts
  Lair:3: 1294 daAuts
  Lair:1: 1274 daAuts
    D:15: 1239 daAuts
    D:10: 1154 daAuts
     D:7: 1109 daAuts
    D:14: 1000 daAuts
     D:8: 971 daAuts
     D:1: 887 daAuts
    D:13: 862 daAuts
